 Dungeon Crawl Stone Soup version 0.24-a0-584-g9d6b971ae4 (webtiles) character file.

Game seed: 10856659544207946705, levelgen mode: deterministic

1532 Arang the Magician (level 8, -3/59 HPs)
             Began as a Black Draconian Conjurer on Sept 3, 2019.
             Killed by divine providence
             ... invoked by an orc priest
              (10 damage)
             ... on level 6 of the Dungeon.
             The game lasted 00:25:01 (7712 turns).

Arang the Magician (Black Draconian Conjurer)       Turns: 7712, Time: 00:25:02

Health: -3/59      AC:  7    Str: 11    XL:     8   Next: 55%
Magic:  25/29      EV: 12    Int: 17    God:
Gold:   106        SH:  0    Dex: 12    Spells: 11/20 levels left

rFire    . . .     SeeInvis .   a - +1 short sword (venom)
rCold    . . .     Gourm    .   (no shield)
rNeg     . . .     Faith    .   (armour unavailable)
rPois    .         Spirit   .   (helmet restricted)
rElec    +         Reflect  .   (no cloak)
rCorr    +         Harm     .   (no gloves)
MR       .....                  E - +0 pair of boots (curse)
Stlth    ++........             (no amulet)
HPRegen  0.19/turn              w - ring of resist corrosion
MPRegen  0.21/turn              u - ring of magical power

@: no status effects
A: breathe lightning, unfitting armour, antennae 1, frail 1, high mp 1,
electricity resistance, cold-blooded, AC +6
a: Breathe Lightning


You were on level 6 of the Dungeon.
You were hungry.

You visited 1 branch of the dungeon, and saw 6 of its levels.
You also visited: Sewer.

You collected 251 gold pieces.
You spent 145 gold pieces at shops.

Inventory:

Hand Weapons
 a - a +1 short sword of venom (weapon)
 b - a +2 dagger of holy wrath
 h - a +0 club
Missiles
 o - 6 curare-tipped darts
 x - 13 poisoned darts (quivered)
Armour
 E - a cursed +0 pair of boots (worn)
Jewellery
 k - an uncursed ring of positive energy
 u - a ring of magical power (right hand)
 w - a ring of resist corrosion (left hand)
Wands
 g - a wand of enslavement (9)
 q - a wand of iceblast (12)
 r - a wand of disintegration (11)
 D - a wand of random effects (19)
Scrolls
 c - a scroll of vulnerability {unknown}
 d - 5 scrolls of teleportation
 f - 3 scrolls of remove curse
 l - a scroll of enchant armour {unknown}
 m - 2 scrolls of fog {unknown}
 p - 2 scrolls of fear
 t - a scroll of random uselessness {unknown}
 y - a scroll of enchant weapon {unknown}
 z - a scroll of noise {unknown}
 A - a scroll of magic mapping
 C - a scroll of blinking {unknown}
Potions
 e - a potion of cancellation
 i - a potion of lignification
 j - 3 potions of flight
 s - 2 potions of curing
 B - a potion of resistance {unknown}
Comestibles
 n - 12 rations


   Skills:
 * Level 4.0 Fighting
 + Level 3.1 Short Blades
 + Level 0.5 Throwing
 - Level 1.7 Dodging
 - Level 1.7 Stealth
 * Level 6.9 Spellcasting
 + Level 6.5 Conjurations
 * Level 2.1 Hexes


You had 11 spell levels left.
You knew the following spells:

 Your Spells              Type           Power        Failure   Level  Hunger
a - Magic Dart            Conj           ####         1%          1    None
b - Iskenderun's Mystic   Conj           ####....     8%          4    ####...
c - Fulminant Prism       Conj/Hex       ###.......   19%         4    ####...

Your spell library contained the following spells:

 Spells                   Type           Power        Failure   Level  Hunger
 Searing Ray              Conj           ####..       1%          2    None
 Throw Frost              Conj/Ice       ###...       4%          2    None
 Dazzling Spray           Conj/Hex       ###...       6%          3    ##.....
 Freeze                   Ice            #...         12%         1    None
 Force Lance              Conj/Tloc      ###.....     30%         4    ####...
 Throw Icicle             Conj/Ice       ###.....     30%         4    ####...
 Ozocubu's Armour         Chrm/Ice       #.......     34%         3    ##.....
 Summon Ice Beast         Ice/Summ       #.......     75%         4    ####...


Dungeon Overview and Level Annotations

Branches:
Dungeon (6/15)              Sewer (visited)
 Temple: D:4-7

Altars:
Gozag
Ru

Shops:
D:4 *

Annotations:
D:1 exclusion: downstairs
D:2 exclusion: downstairs


Innate Abilities, Weirdness & Mutations

You can breathe wild blasts of lightning.
Your glossy black scales are hard. (AC +6)
You cannot fit into any form of body armour.
You are resistant to electric shocks. (rElec)
You are cold-blooded and may be slowed by cold attacks.
You have a pair of small antennae on your head.
You are frail. (-10% HP)
You have an increased reservoir of magic. (+10% MP)


Message History

The orc priest calls down the wrath of Beogh upon you.
Beogh smites you!
* * * LOW HITPOINT WARNING * * *
Your fulminant prism crackles loudly.
The orc priest calls down the wrath of Beogh upon you.
Beogh smites you!
* * * LOW HITPOINT WARNING * * *
Your fulminant prism explodes!
The blast of energy engulfs the orc!
You kill the orc!
The blast of energy engulfs the orc priest!
You kill the orc priest!
The blast of energy engulfs the orc priest!
The orc priest is almost dead.
You feel a bit more experienced. x2
A gnoll comes into view. It is wielding a -2 club.
You are feeling hungry.
The orc priest calls down the wrath of Beogh upon you.
Beogh smites you!
You die...

.........g.......
####.####..#..#.# #.#
##.##...# #.# #.o##..######
########.# ##.##........
#......#.# #......)....
#......#.# #..##.......
###........######o.##.......
#<.......#<@........).......
#...>....#.######...#.......
####.#####.# ##....#..#....
#.## #.####........#>##.
#..# #.##...##..........
##.# #.#.......#.....#.. #.#
##.....###.##.#####.
#.###..#.### #....#####.
#......#.#####.##....#..


You could see an orc priest.

Vanquished Creatures
  A hippogriff (D:3)
  An ice beast (D:5)
  2 ogres
  A centaur (D:5)
  2 bullfrogs
  A scorpion (D:4)
  A howler monkey (D:5)
  2 crimson imps
  A jelly (D:6)
  A hound (D:6)
  8 orc wizards
  3 orc priests
  An iguana (D:5)
  Ijyb (D:3)
  4 worker ants
  A hound skeleton (D:4)
  A gnoll (D:6)
  5 adders
  A shadow imp (D:2)
  3 oozes (Sewer)
  An adder skeleton (D:5)
  6 worms
  4 dart slugs
  2 leopard geckos
  14 orcs
  10 bats
  6 giant cockroaches
  13 hobgoblins
  9 jackals
  3 quokkas
  3 ball pythons
  10 frilled lizards
  4 goblins
  6 kobolds
  2 leopard gecko skeletons
  4 rats
138 creatures vanquished.

Vanquished Creatures (others)
  2 fulminant prisms (D:6)
2 creatures vanquished.

Grand Total: 140 creatures vanquished

Notes
Turn   | Place    | Note
-------+----------+-------------------------------------------
     0 | D:1      | Arang the Draconian Conjurer began the quest for the Orb.
     0 | D:1      | Reached XP level 1. HP: 14/14 MP: 3/3
   384 | D:1      | Reached XP level 2. HP: 22/22 MP: 0/5
   432 | D:1      | Reached skill level 1 in Fighting
   462 | D:1      | You fall into a shaft and drop 1 floor!
   970 | D:2      | Reached XP level 3. HP: 28/28 MP: 0/6
  2682 | D:3      | Noticed a bullfrog
  2688 | D:3      | Killed a bullfrog
  2688 | D:3      | Reached skill level 5 in Conjurations
  2688 | D:3      | Reached XP level 4. HP: 14/36 MP: 2/8
  2844 | D:3      | Reached XP level 5. HP: 37/41 MP: 5/9
  2895 | D:3      | Found a glowing drain.
  2922 | Sewer    | Entered a sewer
  3104 | Sewer    | Learned a level 4 spell: Iskenderun's Mystic Blast
  4125 | D:3      | Noticed Ijyb
  4199 | D:3      | Killed Ijyb
  4368 | D:3      | Reached XP level 6. HP: 50/50 MP: 1/12
  4554 | D:3      | Noticed a hippogriff
  4624 | D:3      | Reached skill level 1 in Short Blades
  4640 | D:3      | Killed a hippogriff
  4640 | D:3      | Your scales start taking on a glossy black colour.
  4640 | D:3      | Reached XP level 7. HP: 48/57 MP: 4/14
  4640 | D:3      | Gained mutation: You are resistant to electric shocks.
                  | (rElec) [Black Draconian growth]
  4794 | D:3      | Learned a level 4 spell: Fulminant Prism
  4928 | D:4      | Reached skill level 5 in Spellcasting
  5083 | D:4      | Found an opulent altar of Gozag.
  5213 | D:4      | Found Nieshry's Assorted Antiques.
  5217 | D:4      | Bought a blackened opal ring for 145 gold pieces
  6097 | D:4      | Gained mutation: You have a pair of small antennae on your
                  | head. [potion of mutation]
  6097 | D:4      | Gained mutation: You are frail. (-10% HP) [potion of
                  | mutation]
  6097 | D:4      | Gained mutation: You have an increased reservoir of magic.
                  | (+10% MP) [potion of mutation]
  6195 | D:4      | Reached skill level 1 in Hexes
  6509 | D:5      | Entered Level 5 of the Dungeon
  6571 | D:5      | Reached XP level 8. HP: 37/56 MP: 13/18
  7158 | D:5      | Found a sacrificial altar of Ru.
  7712 | D:6      | Killed from afar by an orc priest

Levels and vault maps discovered:
D:1:      onia_arrival_mini_maze_b, layout_basic
D:2:      minmay_angry_zag, layout_loops_corners, first_ration, corexii_shack
D:3:      layout_basic, cheibrodos_sewer_entry_bend, grunt_decor_one_mirror,
          kennysheep_generic_room_14, uniq_ijyb
D:4:      layout_gridville, nicolae_overflow_crystal_walls, serial_shops,
          shop_fountains
D:5:      layout_rooms, nicolae_ru_great_annihilating_truth
D:6:      layout_rooms, nicolae_qazlal_eye_of_the_storm

Skill      XL: |  1  2  3  4  5  6  7  8 |
---------------+-------------------------+-----
Fighting       | 1 2 3 4 |  4.0
Spellcasting   | 3 4 6 |  6.9
Conjurations   | 5 6 |  6.5
Short Blades   | 1 2 3 |  3.1
Hexes          | 1 2 |  2.1
Throwing       | |  0.5
Dodging        | |  1.7
Stealth        | |  1.7

Action                   |  1- 3 |  4- 6 |  7- 9 || total
-------------------------+-------+-------+-------++-------
Melee: Unarmed           |     5 |       |       ||     5
       Club              |    40 |       |       ||    40
       Tailslap          |     4 |     3 |     5 ||    12
       Dagger            |     4 |    62 |     8 ||    74
       Short sword       |       |     4 |    75 ||    79
Throw: Dart              |       |     3 |     7 ||    10
 Cast: Magic Dart        |    73 |    94 |   114 ||   281
       Fulminant Prism   |       |       |     2 ||     2
 Abil: Breathe Lightning |       |       |     3 ||     3
  Use: Scroll            |       |     7 |     2 ||     9
       Potion            |       |     1 |     1 ||     2
 Stab: Sleeping          |       |       |     1 ||     1
  Eat: Chunk             |     6 |     7 |    10 ||    23
Armor: Skin              |    22 |    40 |    63 ||   125
Dodge: Dodged            |    44 |    66 |    74 ||   184

Table legend:
 A = Non-vault XP
 B = Vault XP
 C = Vault XP percentage of total XP
 D = Non-vault monster count
 E = Vault monster count
 F = Vault count percentage of total count
                 A         B        C        D         E       F
            +---------+---------+-------+---------+---------+-------
      Total |    1780 |     409 |  18.7 |     102 |      36 |  26.1
            +---------+---------+-------+---------+---------+-------
        D:1 |      26 |       0 |   0.0 |      15 |       0 |   0.0
        D:2 |      62 |       9 |  12.7 |      17 |       6 |  26.1
        D:3 |     326 |     291 |  47.2 |      18 |       4 |  18.2
        D:4 |     483 |       0 |   0.0 |      25 |       0 |   0.0
        D:5 |     423 |      44 |   9.4 |       9 |       4 |  30.8
        D:6 |     460 |       0 |   0.0 |      18 |       0 |   0.0
      Sewer |       0 |      65 | 100.0 |       0 |      22 | 100.0
            +---------+---------+-------+---------+---------+-------
